[Event "Late-Titled-Tuesday-Blitz-May-28-2024"]
[Site "Chess.com"]
[Date "2024.05.28"]
[Round "3"]
[White "Abduzhaparov"]
[Black "Cuchulin"]
[Result "1/2-1/2"]
[WhiteElo "2460"]
[BlackElo "2225"]
[TimeControl "180+1"]
[EndTime "14:29:34 PDT"]
[Termination "Game drawn by repetition"]

1. Nf3 d5 2. c4 c6 3. d4 Nf6 4. e3 e6 5. b3 Be7 6. Bb2 O-O 7. Nbd2 Nbd7 8. Bd3 Re8 9. O-O Nf8 10. Ne5 Bd6 11. f4 N6d7 12. Qh5 f5 13. Qf7+ Kh8 14. Rf3 Qe7 15.
Rh3 Nxe5 16. Qxe7 Bxe7 17. fxe5 g6 18. Rf1 Bg5 19. Ba3 Nd7 20. Kh1 a5 21. Bd6 a4 22.
b4 dxc4 23. Nxc4 b5 24. Na5 Ra6 25. Rc1 Nb6 26. Rxc6 Nd5 27. Bxb5 Rxc6 28. Bxc6 Rg8 29. Bxd5 exd5 30. b5 f4 31. exf4 Bxh3 32. fxg5 Ra8 33. b6 Rxa5 34. b7 Rb5 35. b8=Q+ Rxb8 36. Bxb8 Bf5 37.
a3 Kg7 38. Kg1 Kf7 39. h3 Ke6 40. Kf2 Bc2 41. Ke3 Be4 42. g3 Bg2 43. h4 Be4 44. Kd2 Bf3 45. Kc3 Bd1 46. Kb4 Kd7 47. Kc5 Bb3 48. Ba7 Ba2 49. Bb6 Bb3 50. Ba5 Ba2 51. Bd2 Bb3 52. g4 Ba2 53. h5 Bb3 54. h6 Ba2 55. Be3 Bb3 56. Kb4 Bc2 57. Kb5 Bb3 58. Kc5 Ba2 59. Bf4 Bb3 60. Kb6 Ba2 61. Kb7 Bb3 62. e6+ Kxe6 63. Kc8 Bc4 64. Kd8 Bb5 65. Be5 Bc6 66. Bf6 Bb5 67. Kc7 Bc4 68. Bg7 Bd3 69. Kd8 Bb5 70. Be5 Bc6 71. Kc7 Bb5 72. Kb6 Bc4 73. Kc5 Bb3 74. Kb5 Bc2 75. Kb4 Bd1 76. Kb5 Bc2 77. Kb4 Bb3 78. Ka5 Bc2 79. Kb4 1/2-1/2

[Event "Late-Titled-Tuesday-Blitz-May-28-2024"]
[Site "Chess.com"]
[Date "2024.05.28"]
[Round "3"]
[White "toninhojit"]
[Black "BogdanDeac"]
[Result "1-0"]
[WhiteElo "2544"]
[BlackElo "3072"]
[TimeControl "180+1"]
[EndTime "14:29:35 PDT"]
[Termination "toninhojit won on time"]

1. d4 Nf6 2. c4 g6 3. Nc3 Bg7 4. e4 d6 5. Be2 Nc6 6. d5 Ne5 7. h3 O-O 8. Nf3 Nxf3+ 9. Bxf3 e6 10. O-O Nd7 11. Be3 Nc5 12. Qd2 a5 13. Rfe1 Re8 14.
Bh6 e5 15. Bxg7 Kxg7 16. Rab1 f5 17. b3 b6 18. a3 fxe4 19. Nxe4 Bf5 20. b4 Nd7 21. Ng5 Nf8 22. Be4 h6 23. Bxf5 gxf5 24. Nf3 axb4 25. axb4 Ng6 26. c5 Qf6 27. cxd6 cxd6 28.
Rbc1 Nf4 29. Rc7+ Kg8 30. Kh2 Ra3 31. Re3 Raa8 32. g3 Ng6 33. Rec3 f4 34. Rd7 fxg3+ 35. fxg3 Re7 36. Rxe7 Nxe7 37. Nh4 Rf8 38. Rf3 Qg5 39.
Qf2 Rxf3 40. Qxf3 Qd2+ 41. Ng2 Qxd5 42. Qf6 Nc6 43. Qg6+ Kf8 44. Qxh6+ Ke7 45. Qg7+ Qf7 46. Qg5+ Qf6 47. Qc1 Kd7 48. Qa3 Nd4 49. Qa7+ Kc6 50. Qa4+ Kd5 51. Qa2+ Kc6 52. Qa4+ Kb7 53. Qd7+ Kb8 54.
Qe8+ Kc7 55. h4 Qf2 56. Qe7+ Kc6 57. Qe8+ Kd5 58. Qg8+ Ke4 59. Qg4+ Kd3 60. Qg6+ 1-0

[Event "Late-Titled-Tuesday-Blitz-May-28-2024"]
[Site "Chess.com"]
[Date "2024.05.28"]
[Round "3"]
[White "The_Machine04"]
[Black "jlf287"]
[Result "1-0"]
[WhiteElo "2808"]
[BlackElo "2509"]
[TimeControl "180+1"]
[EndTime "14:29:35 PDT"]
[Termination "The_Machine04 won by resignation"]

1. d4 d5 2. Nf3 Nf6 3. e3 c5 4. c3 cxd4 5. exd4 Bg4 6. Nbd2 Qc7 7.
h3 Bh5 8. g4 Bg6 9. Ne5 Nfd7 10. f4 e6 11. Qf3 Nc6 12. Nxc6 bxc6 13. f5 exf5 14. gxf5 O-O-O 15. fxg6 Re8+ 16. Kd1 hxg6 17. Nb3 Nf6 18. Bf4 Bd6 19. Bxd6 Qxd6 20. Nc5 Re7 21.
Kc2 Rhe8 22. Bd3 Ne4 23. Bxe4 dxe4 24. Qe3 f5 25. Raf1 Kb8 26. Qf4 Qxf4 27. Rxf4 Rf8 28. h4 Kc7 29. Rg1 Rf6 30. Kd2 Kd6 31. Ke3 Kd5 32. b3 a5 33. c4+ Kd6 34. Na4 Rb7 35. Nc3 Rb8 36. d5 c5 37. Rg5 Rh8 38. Nb5+ Kd7 39. Rg2 Rh6 40. Rg1 Rf8 41. Kf2 Re8 42.
Rg5 Reh8 43. Kg3 Re8 44. Rf2 e3 45. Re2 Re4 46. Kf3 Rhxh4 47. Rxg6 Rh3+ 48. Kg2 Rh7 49. Nc3 Re5 50. Kf3 Ke7 51. Kf4 Kf7 52. Rxg7+ Rxg7 53. Kxe5 Rg3 54. Kxf5 Ke7 55. Ke4 Kd6 56. Rxe3 Rg2 57.
Kd3 Rb2 58. Re6+ Kd7 59. Ra6 a4 60. Rxa4 Rc2 61. Ra6 1-0

[Event "Late-Titled-Tuesday-Blitz-May-28-2024"]
[Site "Chess.com"]
[Date "2024.05.28"]
[Round "3"]
[White "blueryder"]
[Black "jup1978"]
[Result "0-1"]
[WhiteElo "2172"]
[BlackElo "2422"]
[TimeControl "180+1"]
[EndTime "14:29:36 PDT"]
[Termination "jup1978 won by resignation"]

1. e4 c5 2. Nc3 Nc6 3. f4 g6 4.
Nf3 Bg7 5. Bc4 e6 6. d3 Nge7 7.
Bb3 O-O 8. O-O d5 9. e5 Na5 10. Ne2 a6 11. c3 Nxb3 12. axb3 b5 13. d4 cxd4 14. Nexd4 b4 15. Bd2 Qb6 16. Kh1 Rb8 17. cxb4 Nf5 18. Nxf5 exf5 19. Bc3 Rd8 20. Nd4 Bf8 21.
Qe1 Be6 22. Qe2 Ra8 23. Qe1 Rdb8 24. Rf3 Bxb4 25. Qh4 Bf8 26. Rh3 h5 27. Nf3 Qxb3 28. Ng5 Rb6 29. Rg1 Qc4 30. Rg3 Be7 31. Qh3 Qxf4 32.
Nf3 Kf8 33. Bd2 Qe4 34. Bh6+ Ke8 35. Ng5 Qxe5 36. Nf3 Qxb2 37. Be3 f4 38. Bxb6 Bxh3 39. Bd4 Qxd4 40. Nxd4 fxg3 41. hxg3 Be6 42. Re1 Kd7 43. Nf3 a5 44. Ne5+ Kd6 45. Nd3 a4 46. Nb2 a3 47.
Nd3 a2 48. Ra1 Bf6 49. Rxa2 Rxa2 50. Kh2 Be5 51. Nb4 Ra3 52. Nc2 Rxg3 53. Kh1 Rc3 54. Ne1 Rc1 55. Kg1 Rxe1+ 56. Kf2 Re4 57. Kf3 f5 0-1

[Event "Late-Titled-Tuesday-Blitz-May-28-2024"]
[Site "Chess.com"]
[Date "2024.05.28"]
[Round "3"]
[White "Abund"]
[Black "komogro"]
[Result "1-0"]
[WhiteElo "2816"]
[BlackElo "2557"]
[TimeControl "180+1"]
[EndTime "14:29:38 PDT"]
[Termination "Abund won on time"]

1. e4 g6 2. d4 Bg7 3. Nc3 d6 4. f4 Nc6 5. Be3 Nf6 6. Nf3 Bg4 7. h3 Bxf3 8. Qxf3 d5 9. e5 Ne4 10. Nxe4 dxe4 11. Qxe4 O-O 12. d5 Nb8 13. O-O-O Qc8 14. g4 Nd7 15. h4 c6 16. Bg2 cxd5 17. Qxd5 Nb6 18. Qf3 Qe6 19. Kb1 Rfc8 20. Rd3 Nc4 21. Bc1 a5 22. Rhd1 Rab8 23. Qd5 Qb6 24. Rb3 Qa6 25.
Qb5 Qe6 26. Bf3 h5 27. gxh5 Qf5 28. Rbd3 gxh5 29. a4 b6 30. Qb3 Rc5 31. Rd4 b5 32.
Be4 Qg4 33. axb5 Rbxb5 34. Rd8+ Bf8 35. Qa2 a4 36. Ka1 a3 37. b3 Nd6 38. exd6 exd6 39. R8xd6 Bxd6 40. Rxd6 Qg7+ 41. Kb1 Qg1 42. Rd8+ Kg7 43.
Qa1+ f6 44. Qxa3 Ra5 45. Rd7+ Kg8 46. Qb2 1-0

[Event "Late-Titled-Tuesday-Blitz-May-28-2024"]
[Site "Chess.com"]
[Date "2024.05.28"]
[Round "3"]
[White "ritanovikova"]
[Black "ploxoi"]
[Result "0-1"]
[WhiteElo "2164"]
[BlackElo "2411"]
[TimeControl "180+1"]
[EndTime "14:29:38 PDT"]
[Termination "ploxoi won by checkmate"]

1. e4 c6 2. d4 d5 3. Nd2 dxe4 4.
Nxe4 Nf6 5. Nxf6+ exf6 6. Nf3 Bd6 7. Be2 O-O 8. Be3 Re8 9. c3 Nd7 10. O-O Nf8 11. Qc2 Be6 12. Rad1 Qc7 13. c4 Bg4 14. g3 Ng6 15. Kg2 b6 16. Ng1 Bxe2 17. Qxe2 f5 18. Qf3 f4 19. Bc1 Qd7 20. Ne2 fxg3 21. hxg3 Re7 22.
Nf4 Bxf4 23. Bxf4 Rae8 24. d5 cxd5 25. Rxd5 Qa4 26. a3 Qxc4 27. Rf5 h6 28. Bd6 Re1 29. Rxe1 Rxe1 30. Bb4 Rb1 31. Bc3 Qf1+ 32. Kh2 Qg1+ 33.
Kh3 f6 34. Qd5+ Kh7 35. Bxf6 Qf1+ 36. Kh2 Qg1+ 37. Kh3 Qf1+ 38. Kg4 Qe2+ 39. f3 Rh1 40.
Bxg7 Kxg7 41. Qd7+ Qe7 42. Qxe7+ Nxe7 43. Re5 h5+ 44. Kg5 Kf7 45. Re2 Ng6 46. f4 Ne7 47. f5 Rg1 48. Kf4 Rf1+ 49. Kg5 Rg1 50. Kxh5 Rxg3 51. Kh4 Nxf5+ 52. Kh5 Kf6 53. Rc2 Rg5# 0-1

[Event "Late-Titled-Tuesday-Blitz-May-28-2024"]
[Site "Chess.com"]
[Date "2024.05.28"]
[Round "3"]
[White "katharinareinecke"]
[Black "Nechitaylo_Nikita"]
[Result "0-1"]
[WhiteElo "1935"]
[BlackElo "2330"]
[TimeControl "180+1"]
[EndTime "14:29:39 PDT"]
[Termination "Nechitaylo_Nikita won on time"]

1. d4 Nf6 2. Nf3 e6 3. g3 c5 4.
Bg2 Nc6 5. O-O cxd4 6. Nxd4 d5 7.
c4 Bc5 8. e3 O-O 9. Nc3 Bxd4 10.
exd4 dxc4 11. Be3 Nd5 12. Qa4 Nb6 13. Qc2 Nb4 14. Qe2 Qc7 15. Bf4 Qd8 16. Nb5 N4d5 17. Be5 a6 18. Nd6 f6 19. Nxc8 Rxc8 20. Bf4 Re8 21.
Be3 c3 22. b3 e5 23. Qd3 e4 24. Qd1 c2 25. Qd2 Nxe3 26. fxe3 Nd5 27. Rac1 Qc7 28. Rf2 Qc3 29. Rxc2 Qxc2 30. Qxc2 Rxc2 31. Rxc2 Nxe3 32. Rc7 f5 33. Rxb7 Rd8 34. Ra7 Rxd4 35. Rxa6 Rd2 36.
Bh3 Rd1+ 37. Kf2 Nc2 38. Bxf5 e3+ 39. Kf3 Rf1+ 40. Ke4 Rf2 41. Be6+ Kf8 42. Ra8+ Ke7 43. Ke5 e2 44. Ra7+ Kd8 45. Ra8+ Kc7 46. Rc8+ Kb7 47.
Rxc2 e1=Q+ 48. Kd6 Rxc2 49. Bd7 Qd2+ 50. Ke7 Rc7 0-1

[Event "Late-Titled-Tuesday-Blitz-May-28-2024"]
[Site "Chess.com"]
[Date "2024.05.28"]
[Round "3"]
[White "vi_pranav"]
[Black "dawid498"]
[Result "1/2-1/2"]
[WhiteElo "3039"]
[BlackElo "2676"]
[TimeControl "180+1"]
[EndTime "14:29:41 PDT"]
[Termination "Game drawn by repetition"]

1. e4 c5 2. Nf3 g6 3. d4 cxd4 4. Qxd4 Nf6 5. Bb5 Nc6 6. Bxc6 dxc6 7. Qxd8+ Kxd8 8. Nc3 Bg7 9. Bf4 Nd7 10. O-O-O Ke8 11. Bc7 e5 12. Rd3 f6 13. Rhd1 Ke7 14. Bd6+ Kf7 15.
Ba3 Nb6 16. b3 Be6 17. Bc5 Bf8 18. Bxf8 Rhxf8 19. Kb2 Ke7 20. a4 a5 21. Ne1 Rfd8 22.
Rxd8 Rxd8 23. Nd3 Nd7 24. g3 b6 25. f4 g5 26. Rg1 Nc5 27. Nxc5 bxc5 28. fxe5 fxe5 29.
Rd1 Rd4 30. Re1 c4 31. bxc4 Rxc4 32. Re3 Rb4+ 33. Kc1 h5 34. Rd3 Bc4 35. Rf3 Be6 36. h4 gxh4 37. gxh4 Bg4 38. Rd3 Be6 39. Kd2 Bg4 40.
Ke3 Rb2 41. Rd2 Rb4 42. Rd3 Rb2 43. Kd2 Rb4 44. Rg3 Rd4+ 45. Kc1 Rb4 46. Re3 Rc4 47. Rd3 Rb4 48. Kd2 Be6 49. Ke3 Rb2 50.
Rd2 Rb4 51. Rg2 Bg4 52. Rg1 Rc4 53. Kd3 Rd4+ 54. Ke3 Rc4 55. Kd2 Rd4+ 56. Kc1 Rc4 57. Rg3 Rb4 58. Rd3 Be6 59. Kd1 Bg4+ 60. Ke1 Rb2 61. Kd2 Rb4 1/2-1/2

[Event "Late-Titled-Tuesday-Blitz-May-28-2024"]
[Site "Chess.com"]
[Date "2024.05.28"]
[Round "3"]
[White "Shuvalov"]
[Black "Hirna2005"]
[Result "1-0"]
[WhiteElo "2558"]
[BlackElo "2361"]
[TimeControl "180+1"]
[EndTime "14:29:44 PDT"]
[Termination "Shuvalov won by resignation"]

1. d4 g6 2. c4 Bg7 3. Nf3 d6 4. Nc3 Bg4 5. Qb3 b6 6. e3 Nf6 7. Be2 O-O 8. h3 Bd7 9. O-O c5 10. Qd1 Nc6 11. b3 Bf5 12. Bb2 Ne4 13. Nxe4 Bxe4 14. Nd2 Bf5 15. Bf3 Rc8 16. Nb1 cxd4 17.
exd4 Nb4 18. Na3 Nd3 19. Bc3 Nf4 20. Nc2 e5 21. dxe5 dxe5 22. Ne3 Bd3 23. Re1 e4 24. Bxg7 Kxg7 25. Bg4 f5 26. g3 fxg4 27. gxf4 gxh3 28.
Nd5 Qh4 29. Re3 Rf5 30. Rg3 Rd8 31. Kh2 Rh5 32. Qd2 Rd6 33. Re1 Qd8 34. Qc3+ Kf7 35. Ree3 Rdxd5 36. cxd5 Rxd5 37. Rxh3 h5 38. Reg3 Qd6 39.
Qh8 Qxf4 40. Qh7+ Kf6 41. Qxg6+ Ke7 42. Qg7+ Kd6 43. Kg2 Rf5 44. Rg6+ Kc5 45. Qc3+ Kb5 46. a4+ Ka6 47. Qd4 Rg5+ 48. Rxg5 Qxg5+ 49. Rg3 Qf4 50. Qe3 Qe5 51. Rg5 Qf6 52. Rxh5 Qg6+ 53. Rg5 Qh7 54. Rg3 Qh5 55. Qf4 Be2 56. Qxe4 Bf1+ 57. Kxf1 Qd1+ 58. Kg2 Qh5 59. Qc4+ Kb7 60. Rg7+ Kb8 61. Qg8+ 1-0

[Event "Late-Titled-Tuesday-Blitz-May-28-2024"]
[Site "Chess.com"]
[Date "2024.05.28"]
[Round "3"]
[White "ccccvhhhj"]
[Black "terrortoast"]
[Result "0-1"]
[WhiteElo "2455"]
[BlackElo "2631"]
[TimeControl "180+1"]
[EndTime "14:29:45 PDT"]
[Termination "terrortoast won on time"]

1. e4 c6 2. d4 d5 3. exd5 cxd5 4.
c4 Nf6 5. Nc3 e6 6. Nf3 Bb4 7.
Bd3 dxc4 8. Bxc4 Qc7 9. Qa4+ Nc6 10. O-O O-O 11. Bg5 Be7 12. Bd3 h6 13. Bh4 Bd7 14. Qd1 Nb4 15. Bb1 Bc6 16. a3 Nbd5 17.
Ne5 Rad8 18. Qc2 Nxc3 19. bxc3 Be4 20. Qb2 Bxb1 21. Raxb1 b6 22. Qb5 Rd5 23. Qb3 Rc8 24.
Rbc1 Ra5 25. a4 Nd5 26. Bg3 Qb7 27. c4 Nf6 28. Rfe1 Qa6 29. Ra1 Bd6 30. Rec1 Bxe5 31. Bxe5 Nd7 32. Bg3 Rf5 33. h3 Qa5 34. Rd1 Nf6 35.
Qd3 Qb4 36. Rac1 Qxa4 37. c5 bxc5 38. dxc5 Rfxc5 39. Rxc5 Rxc5 40. Qd8+ Kh7 41. Bh4 Rd5 42. Rxd5 Nxd5 43. Bg3 a5 44. Kh2 Qb5 45. Qf8 Qb7 46. Be5 f6 47. Ba1 a4 48. Qd6 Qc8 49.
Qa3 Qc7+ 50. g3 Qd7 51. Qd3+ Kg8 52. Qe4 Kf7 53. Qc4 a3 54. Qb3 Qa7 0-1

[Event "Late-Titled-Tuesday-Blitz-May-28-2024"]
[Site "Chess.com"]
[Date "2024.05.28"]
[Round "3"]
[White "Smiechu"]
[Black "TatjanaVasilevich"]
[Result "1-0"]
[WhiteElo "2456"]
[BlackElo "2587"]
[TimeControl "180+1"]
[EndTime "14:29:46 PDT"]
[Termination "Smiechu won on time"]

1. e4 c5 2. Nf3 Nc6 3. d4 cxd4 4. Nxd4 Nf6 5. Nc3 e6 6. a3 Qc7 7.
Be3 a6 8. Bd3 b5 9. O-O Bb7 10.
f4 Bc5 11. Nce2 Ng4 12. Qd2 Nxe3 13. Qxe3 Nxd4 14. Nxd4 d6 15. Kh1 e5 16. fxe5 dxe5 17.
Nxb5 axb5 18. Bxb5+ Kf8 19. Qf3 Ba6 20. Bxa6 Rxa6 21. Rad1 Rf6 22. Qd3 Rxf1+ 23. Qxf1 Be7 24. c4 g6 25. b4 Kg7 26. h3 Ra8 27. Qf3 Qa7 28. Rf1 Bg5 29. a4 Bd2 30. b5 Ba5 31.
Qf6+ Kg8 32. Qxe5 Rc8 33. Qd5 Rc5 34. Qd4 Bb6 35. a5 Qxa5 36. Qd7 Rc7 37. Qd8+ Kg7 38.
Qf6+ Kg8 39. Qd8+ Kg7 40. Qf6+ Kh6 41. e5 Qd2 42. Qxb6 Rxc4 43. Qf2 Qg5 44. Qxf7 Rc5 45.
Qf8+ Kh5 46. Qxc5 Qd2 47. Qf2 Qd3 48. Qf3+ Kh6 49. Qxd3 Kg7 50. Qd4 h6 51. e6+ Kh7 52. e7 1-0

[Event "Late-Titled-Tuesday-Blitz-May-28-2024"]
[Site "Chess.com"]
[Date "2024.05.28"]
[Round "3"]
[White "rdarruda"]
[Black "simaopdias"]
[Result "1-0"]
[WhiteElo "2541"]
[BlackElo "2262"]
[TimeControl "180+1"]
[EndTime "14:29:46 PDT"]
[Termination "rdarruda won by resignation"]

1. d4 Nf6 2. Nf3 e6 3. Nbd2 d5 4.
g3 b6 5. Bg2 Bb7 6. O-O Nbd7 7.
c4 dxc4 8. Nxc4 c5 9. b3 cxd4 10. Bb2 Bc5 11. Bxd4 Bxd4 12. Nd6+ Kf8 13. Nxb7 Bxf2+ 14. Rxf2 Qe7 15. Nd6 Rd8 16. Nc4 Nc5 17. Qc1 Nce4 18.
Rf1 Ng4 19. Ne3 Ngf6 20. Rd1 g6 21. Rxd8+ Qxd8 22. Qd1 Qe7 23. Qd4 Kg7 24. Rd1 Rc8 25. Ng4 h5 26. Nxf6 Nxf6 27. Ng5 e5 28. Qd6 Qxd6 29. Rxd6 Rc2 30. Bf3 Rxa2 31. Kf2 Rb2 32. Ne4 Nxe4+ 33. Bxe4 Rxb3 34. Rd7 Ra3 35. Bd5 Kh6 36.
Bxf7 b5 37. h4 b4 38. Rd6 a5 39. Rxg6+ Kh7 40. Rg5 e4 41. Bg6+ Kh6 42. Bxe4 b3 43.
Rg6+ Kh7 44. Rb6+ Kg7 45. Kf3 a4 46. Bd5 Ra2 47. Bxb3 axb3 48. Rxb3 Ra1 49. Rb5 Kg6 50. Rb6+ Kg7 51. Kf4 Ra4+ 52. e4 Ra5 53. Re6 Ra1 54. Kg5 Rg1 55. Rg6+ Kf7 56. Kxh5 Re1 57. Rg4 Kf6 58.
Rf4+ Kg7 59. Kg4 Kg6 60. h5+ Kh6 61. Rf6+ Kg7 62. Re6 Rf1 63. e5 Kf7 64. Rf6+ Rxf6 65. exf6 Kxf6 66. Kh4 Kg7 67. g4 Kh8 68. g5 Kg7 69. g6 Kh8 70. Kg5 Kg7 71. h6+ Kh8 72.
Kf6 Kg8 73. g7 Kh7 74. Kf7 1-0

[Event "Late-Titled-Tuesday-Blitz-May-28-2024"]
[Site "Chess.com"]
[Date "2024.05.28"]
[Round "3"]
[White "Love7Unicorn"]
[Black "KejJaj"]
[Result "1-0"]
[WhiteElo "2536"]
[BlackElo "2132"]
[TimeControl "180+1"]
[EndTime "14:29:50 PDT"]
[Termination "Love7Unicorn won on time"]

1. d4 e6 2. c4 f5 3. g3 Nf6 4. Bg2 d5 5. Nf3 c6 6. O-O Bd6 7.
Qc2 O-O 8. Nc3 Qe7 9. Rb1 Nbd7 10. c5 Bc7 11. b4 a6 12. a4 e5 13. dxe5 Nxe5 14.
Nd4 Ne4 15. Qb3 Nc4 16. Rd1 Nxc3 17. Qxc3 f4 18. Rb3 fxg3 19. hxg3 Qf7 20. Rf1 Be5 21. Qd3 Bg4 22. Nf3 Bc7 23. b5 axb5 24. axb5 Bf5 25. Qd4 Rae8 26. bxc6 bxc6 27. Rb7 Re7 28. Bg5 Rd7 29. Ra1 h6 30. Bd2 Rfd8 31. Raa7 Bb8 32. Rxd7 Rxd7 33. Ra8 Rd8 34. Bf4 Qf8 35.
Bxb8 Rxb8 36. Rxb8 Qxb8 37. Nd2 Nxd2 38. Qxd2 Qb5 39.
Bxd5+ Kh7 40. Bf3 Qxc5 41. Kg2 Qb6 42. Qf4 Bg6 43. Qd6 Qb5 44. Qxc6 Qg5 45. Qe6 h5 46. Qc4 Kh6 47. Qh4 Qxh4 48. gxh4 Bf5 49. Kg3 Kg6 50. Kf4 Be6 51. e4 Kh6 52. Ke5 Bg4 53. Bxg4 hxg4 54. Kf4 Kh5 55. Kg3 g5 56. hxg5 Kxg5 57.
e5 Kf5 58. e6 Kxe6 59. Kxg4 Ke7 60. Kg5 1-0

[Event "Late-Titled-Tuesday-Blitz-May-28-2024"]
[Site "Chess.com"]
[Date "2024.05.28"]
[Round "3"]
[White "AsaHoffmann"]
[Black "boguszp"]
[Result "0-1"]
[WhiteElo "2328"]
[BlackElo "2035"]
[TimeControl "180+1"]
[EndTime "14:29:51 PDT"]
[Termination "boguszp won by checkmate"]

1. d4 d5 2. Bg5 c6 3. e3 Qa5+ 4. Nd2 Bf5 5. Nf3 e6 6. Nh4 Bg6 7. Nxg6 hxg6 8. Bd3 Be7 9. Bf4 Nf6 10. h3 Nbd7 11. c3 c5 12. Qe2 Qb6 13. Rb1 Bd6 14.
Bxd6 Qxd6 15. f4 Nh5 16. Qf2 cxd4 17. cxd4 Rc8 18. O-O Rc7 19. Bb5 O-O 20. Bxd7 Qxd7 21.
Nf3 Nf6 22. Ne5 Qd6 23. a3 Ne4 24. Qh4 Nd2 25. Rbd1 Nxf1 26. Rxf1 Rc2 27. Rf3 Qd8 28. Qg4 Qe7 29. Rg3 Rfc8 30. Nf3 Rxb2 31. Ng5 Rc1+ 32. Kh2 Rbb1 33. Rf3 Rh1+ 34. Kg3 Rb2 35. Qh4 Qf6 36. Qh7+ Kf8 37. Qh8+ Ke7 38. Qb8 a6 39. Qc7+ Ke8 40. Qc8+ Qd8 41. Qxd8+ Kxd8 42. Nxf7+ Ke7 43.
Ne5 Rg1 44. Nxg6+ Kf6 45. Nh4 Ra2 46. Kg4 Rxa3 47. Kh5 a5 48. g4 Rb3 49. g5+ Ke7 50.
f5 exf5 51. Ng6+ Kd7 52. Nf4 a4 53. Nxd5 a3 54. Rxf5 a2 55. Rf7+ Ke6 56. Nf4+ Kxf7 57. g6+ Ke7 58. h4 a1=Q 59. Nd5+ Kd6 60. Nf4 Rxe3 61. d5 Re5# 0-1

[Event "Late-Titled-Tuesday-Blitz-May-28-2024"]
[Site "Chess.com"]
[Date "2024.05.28"]
[Round "3"]
[White "MeisterJabo"]
[Black "Thjop"]
[Result "1/2-1/2"]
[WhiteElo "2475"]
[BlackElo "2637"]
[TimeControl "180+1"]
[EndTime "14:29:53 PDT"]
[Termination "Game drawn - insufficient material"]

1. e4 e6 2. e5 c5 3. Nf3 Nc6 4. Bb5 Qb6 5. Nc3 a6 6. Bxc6 Qxc6 7. O-O d5 8. exd6 Bxd6 9. d4 Nf6 10. Bg5 b5 11.
Bxf6 gxf6 12. d5 Qc7 13. Re1 f5 14. dxe6 Bxe6 15. Qd5 O-O 16. Rxe6 fxe6 17. Qxe6+ Kh8 18. Rd1 Rad8 19. Rd5 Qe7 20. Qxe7 Bxe7 21. Re5 Bf6 22. Rxf5 Bxc3 23. Rxf8+ Rxf8 24. bxc3 Rf4 25. Kf1 Rc4 26. Ke2 Rxc3 27. Kd2 Ra3 28. Ne5 Rxa2 29. f4 a5 30.
f5 Kg7 31. g4 h6 32. h4 Ra4 33. c4 Ra2+ 34. Kd3 Ra3+ 35. Kc2 b4 36. g5 Rc3+ 37.
Kb2 hxg5 38. hxg5 Re3 39. f6+ Kg8 40. Nd7 a4 41. g6 Re2+ 42. Kc1 Rf2 43. f7+ Rxf7 44.
gxf7+ Kxf7 45. Nxc5 a3 46. Nd3 b3 47. Nc5 b2+ 48.
Kb1 Kf6 49. Nd3 Ke6 50. Ka2 Kd6 51. Kb1 Kc6 52. Ka2 Kd6 53. Kb1 Kc6 54. Ka2 Kb6 55.
c5+ Ka5 56. c6 Kb6 57. Ne5 Kc7 58. Kb1 Kd6 59. Ka2 Kc7 60. Kb1 Kb6 61. Nc4+ Kxc6 62. Nxa3 Kc5 63. Kxb2 1/2-1/2

[Event "Late-Titled-Tuesday-Blitz-May-28-2024"]
[Site "Chess.com"]
[Date "2024.05.28"]
[Round "3"]
[White "Kirill_Klukin"]
[Black "shrek4life02"]
[Result "1/2-1/2"]
[WhiteElo "2890"]
[BlackElo "2668"]
[TimeControl "180+1"]
[EndTime "14:29:55 PDT"]
[Termination "Game drawn by repetition"]

1. d4 d5 2. c3 Nf6 3. Nf3 c6 4. Bf4 Bf5 5. e3 e6 6. Bd3 Bg6 7. Ne5 Nbd7 8. Nxg6 hxg6 9. h3 Nb6 10. Nd2 Bd6 11. Bg5 Rh5 12. f4 Qc7 13. g4 Rh8 14. Qf3 Ne4 15. Bxe4 dxe4 16. Nxe4 f6 17. Bxf6 gxf6 18. Nxf6+ Ke7 19. g5 Nd5 20. Ne4 Raf8 21.
O-O-O Nxe3 22. Rde1 Bxf4 23. Kb1 Kd8 24. Rxe3 Bxe3 25.
Qxe3 Qf4 26. Re1 Qxe3 27. Rxe3 Rf1+ 28. Kc2 b6 29. Nd2 Rh1 30. Rxe6 R8xh3 31. Nc4 Rg3 32. Rxg6 Rhg1 33. Rxc6 Rxg5 34. Ne5 R5g2+ 35. Kb3 Rb1 36.
Nd3 Rd1 37. Kc4 Rgd2 38. Nb4 Rxb2 39. Rh6 a5 40. Nc6+ Kc7 41. Ne5 Rxa2 42. Rh7+ Kc8 43.
Kd5 Rc2 44. c4 Rdc1 45. Ra7 Kd8 46. Rb7 Rb1 47. Ra7 Ke8 48. Kc6 Rb4 49. d5 a4 50.
d6 Rbxc4+ 51. Nxc4 Rxc4+ 52. Kxb6 Kd8 53. Kb5 Rh4 54.
Kc6 Rc4+ 55. Kd5 Rh4 56. Ra6 Kc8 57. Kc6 Rc4+ 58. Kb5 Rg4 59. Kc5 Kb7 60. Rb6+ Kc8 61. Rb1 a3 62. Rc1 Kd8 63. Kc6 Ra4 64. Rh1 Rc4+ 65.
Kd5 Rg4 66. Rh8+ Kd7 67. Rh7+ Kd8 68. Ra7 Rg3 69. Ke6 Re3+ 70. Kd5 Rd3+ 71. Kc5 Rc3+ 72. Kd4 Rg3 73. Kd5 Rd3+ 74. Ke5 Re3+ 75. Kd4 Rg3 76. Kc4 Kc8 77. Kb4 Kd8 78. Kc5 Rc3+ 79. Kd4 Rg3 1/2-1/2

[Event "Late-Titled-Tuesday-Blitz-May-28-2024"]
[Site "Chess.com"]
[Date "2024.05.28"]
[Round "3"]
[White "BardArtem"]
[Black "KirAk47"]
[Result "1/2-1/2"]
[WhiteElo "2789"]
[BlackElo "2564"]
[TimeControl "180+1"]
[EndTime "14:29:55 PDT"]
[Termination "Game drawn by repetition"]

1. Nf3 d5 2. b3 Nf6 3. Bb2 c6 4. e3 Bg4 5. h3 Bh5 6. Be2 Nbd7 7. O-O Qc7 8. c4 e6 9. Nc3 Be7 10. Rc1 O-O 11. cxd5 exd5 12. g4 Bg6 13. g5 Ne4 14.
Nxd5 Qd6 15. Nxe7+ Qxe7 16. h4 f6 17. d3 Nd6 18. e4 fxg5 19. hxg5 Bh5 20. Nh2 Qxg5+ 21. Kh1 Bg6 22. Rg1 Qf4 23. f3 c5 24. Qe1 b6 25. Qg3 Rae8 26. Qxf4 Rxf4 27. Rg3 Ne5 28. d4 cxd4 29. Bxd4 Nef7 30. Be3 Rh4 31. Kg2 Rh5 32.
Ng4 Ra5 33. a4 Ne5 34. Nxe5 Raxe5 35. Bf4 R5e6 36. Rd1 Nf7 37. Bc4 R6e7 38. Kf2 Kh8 39. Ke3 Ne5 40. Bxe5 Rxe5 41. Rh1 Rh5 42. Rxh5 Bxh5 43.
Rg5 Bg6 44. Rd5 Re7 45. Rd8+ Re8 46. Rd7 h5 47. Rxa7 Kh7 48. Rb7 h4 49. Rxb6 h3 50.
Kf2 Rf8 51. Bf1 Bxe4 52. Ke3 Rxf3+ 53. Kxe4 Rxf1 54. Rb5 g6 55. Rb7+ Kh6 56. Rb8 Kg7 57.
Rb7+ Kh6 58. Rb8 Kh7 59. Rb7+ Kg8 60. Rb8+ Kg7 61. Rb7+ Kh6 1/2-1/2

[Event "Late-Titled-Tuesday-Blitz-May-28-2024"]
[Site "Chess.com"]
[Date "2024.05.28"]
[Round "3"]
[White "chegueps"]
[Black "LevonAronian"]
[Result "1/2-1/2"]
[WhiteElo "2731"]
[BlackElo "3042"]
[TimeControl "180+1"]
[EndTime "14:29:56 PDT"]
[Termination "Game drawn by repetition"]

1. e4 c5 2. Nf3 d6 3. Bb5+ Nd7 4. O-O a6 5. Bd3 Ngf6 6. c3 Ne5 7. Nxe5 dxe5 8.
Bc2 g6 9. a4 b6 10. Na3 Bg4 11.
f3 Be6 12. Qe2 Bg7 13. Bd3 Bc8 14. Nc4 Qc7 15. b4 cxb4 16. cxb4 O-O 17. Bb2 Nd7 18.
Rfc1 Qb8 19. Ne3 e6 20. h4 Rd8 21. h5 Nf6 22. hxg6 hxg6 23. Nc4 Nh5 24. Qe3 Ra7 25.
Bf1 Rb7 26. Rc2 Bd7 27. a5 b5 28. Nb6 Rc7 29. Rac1 Rxc2 30. Rxc2 Be8 31. Kf2 Bf8 32. Bc3 Be7 33. g3 Qd6 34. Ba1 f5 35. Nc8 Qxb4 36.
Nxe7+ Qxe7 37. Bxe5 f4 38. Bxf4 Nxf4 39. Qxf4 e5 40.
Qh6 Bf7 41. Be2 b4 42. Rc1 Qf6 43. Rc7 b3 44. Bc4 Bxc4 45. Qh7+ Kf8 46. Qh6+ Ke8 47.
Rxc4 b2 48. Rb4 Qd6 49. Qh8+ Kd7 50. Qg7+ Ke8 51. Qg8+ Ke7 52. Qg7+ Ke8 53. Qg8+ Ke7 54. Rb7+ Rd7 55. Qg7+ Ke8 56. Qg8+ Ke7 57. Qg7+ Ke8 58. Rb8+ Rd8 59. Qg8+ Ke7 60. Qg7+ Ke8 61. Qg8+ Ke7 62. Rb7+ Rd7 1/2-1/2

[Event "Late-Titled-Tuesday-Blitz-May-28-2024"]
[Site "Chess.com"]
[Date "2024.05.28"]
[Round "3"]
[White "Masterisback04"]
[Black "kalinchick"]
[Result "1-0"]
[WhiteElo "2126"]
[BlackElo "2364"]
[TimeControl "180+1"]
[EndTime "14:29:56 PDT"]
[Termination "Masterisback04 won by checkmate"]

1. e4 e6 2. d4 d5 3. e5 c5 4.
c3 Nc6 5. Nf3 Nge7 6. a3 Nf5 7. b4 cxd4 8. cxd4 Qb6 9. Bb2 Bd7 10.
Be2 Rc8 11. O-O Na5 12. Nbd2 Nc4 13. Nxc4 dxc4 14. Rc1 Qa6 15. d5 exd5 16. Qxd5 Be6 17. Qe4 Be7 18. g4 Nh6 19. h3 b5 20. Nd4 O-O 21.
f4 f5 22. exf6 Bxf6 23. Nxe6 Bxb2 24. Nxf8 Bxc1 25. Qxh7+ Kxf8 26. Rxc1 Qb6+ 27. Kg2 Qe3 28. Re1 Re8 29. g5 Nf7 30. Qf5 Qe4+ 31. Qxe4 Rxe4 32. Kf3 Rd4 33. Ke3 Rd6 34. a4 a6 35. axb5 axb5 36. Ra1 Nd8 37. Ra5 Rb6 38. f5 Ke7 39. Bf3 Nf7 40. h4 Nd6 41. Kf4 c3 42. Bd1 Rc6 43. Bc2 Rc4+ 44. Ke5 Nf7+ 45. Kd5 Rxb4 46. Ra7+ Ke8 47. f6 gxf6 48. Bg6 fxg5 49. h5 Rf4 50. h6 Kf8 51. h7 Nh8 52. Ra8+ Kg7 53. Rg8+ Kh6 54.
Bc2 Nf7 55. Rg6+ Kh5 56. Rg7 Rf5+ 57. Ke6 Kg4 58. Rxf7 Re5+ 59. Kxe5 Kg3 60. Rg7 Kf2 61.
h8=Q g4 62. Qh7 Ke1 63. Qg6 Kd2 64. Qxg4 Kc1 65. Qg2 Kb2 66. Bd3+ Ka3 67. Qc2 b4 68. Bc4 b3 69. Qxb3# 1-0